 Dungeon Crawl Stone Soup version 0.27.1-1-g398f81649c (webtiles) character file.

Game seed: 11383078546454778848

4444 ZARRMARR the Conjurer (level 10, -3/65 HPs)
             Began as an Octopode Conjurer on Sept 6, 2021.
             Was a Believer of Sif Muna.
             Shot with an arrow by a centaur warrior (10 damage)
             ... on level 9 of the Dungeon on Sept 7, 2021.
             The game lasted 00:57:17 (13291 turns).

ZARRMARR the Conjurer (Octopode Conjurer)          Turns: 13291, Time: 00:57:17

Health: -3/65      AC:  1    Str:  8    XL:     10   Next: 37%
Magic:  16/19      EV: 14    Int: 23    God:    Sif Muna [**....]
Gold:   394        SH:  0    Dex: 10    Spells: 10/21 levels left

rFire    . . .     SeeInvis +   d - staff of conjuration
rCold    . . .     Faith    .   (no shield)
rNeg     . . .     Spirit   .   (helmet restricted)
rPois    .         Reflect  .   (no amulet)
rElec    .         Harm     .   u - ring of see invisible
rCorr    .         Rampage  .   (no ring)
Will     .....                  (no ring)
Stlth    ++++......             (no ring)
HPRegen  0.20/turn              (no ring)
MPRegen  0.16/turn              (no ring)
                                (no ring)
                                (no ring)

@: no status effects
A: almost no armour, amphibious, 8 rings, camouflage 1, gelatinous body 1,
(nimble swimmer 1), tentacles
a: Renounce Religion, Channel Magic


You were on level 9 of the Dungeon.
You worshipped Sif Muna.
Sif Muna was pleased with you.
You visited 2 branches of the dungeon, and saw 10 of its levels.
You also visited: Sewer and Ossuary.

You collected 394 gold pieces.

Inventory:

Hand Weapons
 b - the +5 battleaxe of the Mosquito {speed, rCorr}
   (You found it on level 9 of the Dungeon)

   Attacks with this weapon are significantly faster.
   rCorr:     It protects you from acid and corrosion.
Missiles
 i - 3 throwing nets (quivered)
Armour
 A - the +2 kite shield "Adaeplo" {Will+}
   (You found it on level 8 of the Dungeon)

   Will:      It increases your willpower.
Magical Staves
 d - a staff of conjuration (weapon)
Jewellery
 u - a ring of see invisible (left tentacle)
Wands
 y - a wand of mindburst (7)
Scrolls
 a - 3 scrolls of teleportation
 c - a scroll of enchant weapon
 j - 3 scrolls of enchant armour
 l - 2 scrolls of silence
 s - a scroll of brand weapon {unknown}
 t - 3 scrolls of amnesia {unknown}
 v - a scroll of magic mapping {unknown}
 x - a scroll of noise {unknown}
 B - a scroll of acquirement {unknown}
Potions
 e - 5 potions of curing {unknown}
 g - 3 potions of heal wounds {unknown}
 h - a potion of mutation
 k - 2 potions of attraction {unknown}
 m - a potion of resistance {unknown}
 n - 2 potions of cancellation {unknown}
 o - 3 potions of might {unknown}
 p - a potion of brilliance {unknown}
 q - a potion of ambrosia {unknown}
 r - 2 potions of degeneration {unknown}
 w - a potion of berserk rage {unknown}
 z - 2 potions of lignification {unknown}


   Skills:
 + Level 4.5 Fighting
 + Level 4.3 Staves
 + Level 4.7 Dodging
 + Level 6.9 Stealth
 + Level 1.4 Shields
 * Level 6.2 Spellcasting
 * Level 7.6 Conjurations
 * Level 3.2 Translocations
 - Level 4.7 Earth Magic
 + Level 3.8 Invocations


You had 10 spell levels left.
You knew the following spells:

 Your Spells              Type           Power      Damage    Failure   Level
a - Magic Dart            Conj           100%       1d8       1%          1
b - Searing Ray           Conj           100%       3d7       1%          2
c - Apportation           Tloc           44%        N/A       2%          1
d - Stone Arrow           Conj/Erth      100%       3d13      1%          3
e - Iskenderun's Mystic   Conj/Tloc      48%        2d11      9%          4

Your spell library contained the following spells:

 Spells                   Type           Power      Damage    Failure   Level
 Foxfire                  Conj/Fire      100%       2x1d9     1%          1
 Conjure Flame            Conj/Fire      37%        6-21      5%          3
 Dazzling Flash           Conj/Hex       74%        N/A       5%          3
 Summon Small Mammal      Summ           28%        N/A       9%          1
 Fulminant Prism          Conj/Hex       18%        3d11      17%         4
 Call Canine Familiar     Summ           7%         N/A       26%         3
 Inner Flame              Hex/Fire       7%         N/A       26%         3
 Summon Guardian Golem    Hex/Summ       7%         N/A       26%         3
 Alistair's Intoxication  Tmut/Pois      4%         N/A       93%         5
 Invisibility             Hex            3%         N/A       100%        6
 Lehudib's Crystal Spear  Conj/Erth      26%        10d7      100%        8
 Animate Armour           Summ/Erth      Unusable   N/A       N/A         4

Dungeon Overview and Level Annotations

Branches:
Dungeon (9/15)             Temple (1/1) D:5            Lair (0/6) D:8
  Sewer (visited)         Ossuary (visited)
    Orc: D:9-12

Altars:
Ashenzari
Cheibriados
Dithmenos
Elyvilon
Fedhas
Gozag
Hepliaklqana
Kikubaaqudgha
Makhleb
Nemelex Xobeh
Okawaru
Qazlal
Ru
Sif Muna
Trog
Uskayaw
Vehumet
Wu Jian
Xom
Yredelemnul
Zin
The Shining One
Jiyva

Annotations:
D:2 Sigmund
D:5 Dowan, Duvessa
D:8 3 runed translucent doors
D:9 Harold


Innate Abilities, Weirdness & Mutations

You cannot wear most types of armour.
You are amphibious.
You can wear up to eight rings at the same time.
Your skin changes colour to match your surroundings (Stealth+).
Your rubbery body absorbs attacks. (AC +1, EV +1)
((You are camouflaged near water. (Stealth+)))
You have tentacles for arms and can constrict up to eight enemies at once.


Message History

You feel a surge of power!
The stone arrow hits the centaur zombie!!
You destroy the centaur zombie!
Sif Muna accepts your kill.
Unknown command.
A centaur comes into view. It is wielding a +0 rapier.
The centaur moves out of view.
A centaur is nearby!
There is a stone staircase leading down here.
You start waiting.
Done waiting.
You start waiting.
Done waiting.
You start waiting.
A centaur warrior is nearby!
Casting: Stone Arrow (safe; 1% risk of failure)
Confirm with . or Enter, or press ? or * to list all spells.
Okay, then.
Unknown command.
Press: ? - help, v - describe, . - travel
Here: a centaur warrior, wielding a +2 shortbow of freezing and quivering arrows (wandering, hasn't noticed you)
The floor.
Unknown command.
Casting: Stone Arrow (safe; 1% risk of failure)
Confirm with . or Enter, or press ? or * to list all spells.
Aiming: Stone Arrow (safe; 1% risk of failure)
Press: ? - help, Shift-Dir - straight line, f - centaur warrior
Aim: a centaur warrior, wielding a +2 shortbow of freezing and quivering arrows (wandering, hasn't noticed you, 84% to hit)
You feel a surge of power!
The stone arrow hits the centaur warrior!
The centaur warrior is lightly wounded.
The centaur warrior shouts!
You hear an angry hiss.
The centaur warrior shoots an arrow.
The arrow hits you!! The arrow freezes you!
As you read the scroll of fog, it crumbles to dust.
The scroll dissolves into smoke.
The centaur warrior shoots an arrow.
The arrow hits you!!
* * * LOW HITPOINT WARNING * * *
The arrow freezes you!
You die...

.....................
#.#####.#####.#######
#.# #.# #.# #.# #<# #.#
#.# #.# #.# #.#
#####§#####.##########.
.....§§@§§.............
#########c#####.######.
#.# #.# #.# #.# #.# #.#
#######.#####.#
..............#
#####.........#
#.........#


You could see a centaur warrior.

Vanquished Creatures
  A hornet (D:9)
  A vampire (D:9)
  2 wraiths
  5 yaks (D:9)
  A steam dragon (D:8)
  2 water moccasins
  Purgy (Sewer)
  A sky beast (D:6)
  2 necrophages
  3 orc warriors
  3 ogres
  A centaur (D:8)
  4 bullfrogs
  A wyvern zombie (D:6)
  A scorpion (D:8)
  6 killer bees
  3 wights (D:8)
  A howler monkey (D:5)
  A bullfrog zombie (D:5)
  2 centaur zombies
  5 hounds
  4 jellies (D:8)
  2 bullfrog skeletons
  2 gnoll shamans
  2 iguanas
  An orc wizard (D:9)
  A scorpion zombie (D:5)
  A mummy (Ossuary)
  13 gnolls
  A howler monkey zombie (D:9)
  9 adders
  A howler monkey skeleton (D:5)
  2 shadow imps
  A white imp (D:7)
  An ufetubus (D:4)
  A worm (D:5)
  3 dart slugs
  12 orcs
  10 ball pythons
  5 bats
  5 endoplasms
  5 giant cockroaches
  6 goblins
  3 hobgoblins
  3 jackals (D:4)
  5 quokkas
  5 frilled lizards
  5 gnoll skeletons (Ossuary)
  3 kobolds
  4 kobold skeletons (Ossuary)
  16 orc skeletons (Ossuary)
  8 rats
187 creatures vanquished.

Vanquished Creatures (others)
  13 fungi (D:8)
  9 plants (D:8)
22 creatures vanquished.

Grand Total: 209 creatures vanquished

Notes
Turn   | Place    | Note
-------+----------+-------------------------------------------
     0 | D:1      | ZARRMARR the Octopode Conjurer began the quest for the Orb.
     0 | D:1      | Reached XP level 1. HP: 11/11 MP: 3/3
   171 | D:1      | Reached XP level 2. HP: 17/17 MP: 3/5
   406 | D:1      | Learned a level 2 spell: Searing Ray
   758 | D:1      | Reached XP level 3. HP: 22/22 MP: 1/6
  1470 | D:2      | Found an ornate altar of the Wu Jian Council.
  1480 | D:2      | Noticed Sigmund
  1726 | D:2      | Found a faded altar of an unknown god.
  2383 | D:4      | Reached XP level 4. HP: 12/27 MP: 0/7
  2444 | D:4      | Found a glowing drain.
  2584 | Sewer    | Entered a sewer
  2587 | Sewer    | Reached skill level 1 in Fighting
  2589 | Sewer    | Learned a level 1 spell: Apportation
  2734 | Sewer    | Noticed Purgy
  3012 | Sewer    | Killed Purgy
  3013 | Sewer    | Reached skill level 1 in Staves
  3013 | Sewer    | Reached XP level 5. HP: 33/33 MP: 2/9
  3145 | D:4      | Reached XP level 6. HP: 38/38 MP: 1/10
  3271 | D:4      | Reached skill level 5 in Conjurations
  4042 | D:4      | Reached XP level 7. HP: 45/45 MP: 5/12
  5056 | D:5      | Entered Level 5 of the Dungeon
  5167 | D:5      | Noticed Duvessa
  5167 | D:5      | Noticed Dowan
  5313 | D:5      | Found a staircase to the Ecumenical Temple.
  5326 | Temple   | Entered the Ecumenical Temple
  5628 | Temple   | Became a worshipper of Sif Muna the Loreminder
  6519 | D:5      | Learned a level 3 spell: Stone Arrow
  6562 | D:6      | Found a sand-covered staircase.
  6569 | Ossuary  | Entered an ossuary
  6569 | Ossuary  | Noticed a wraith
  6569 | Ossuary  | Noticed a wraith
  6569 | Ossuary  | Noticed a wraith
  6925 | Ossuary  | Noticed a wraith
  7036 | Ossuary  | Reached * piety under Sif Muna
  7654 | Ossuary  | Killed a wraith
  7655 | Ossuary  | Reached skill level 5 in Stealth
  7655 | Ossuary  | Reached skill level 1 in Earth Magic
  7655 | Ossuary  | Reached skill level 1 in Invocations
  7655 | Ossuary  | Reached XP level 8. HP: 14/51 MP: 10/14
  8262 | D:6      | Reached skill level 6 in Conjurations
  8816 | D:6      | Found an iron altar of Okawaru.
  9469 | D:7      | Reached skill level 5 in Spellcasting
  9608 | D:6      | Learned a level 4 spell: Iskenderun's Mystic Blast
  9650 | D:7      | Reached XP level 9. HP: 57/57 MP: 11/16
  9790 | D:7      | Noticed a hornet
 10368 | D:8      | Found a viscous altar of Jiyva.
 10426 | D:8      | Reached skill level 1 in Translocations
 10431 | D:8      | Reached ** piety under Sif Muna
 10794 | D:8      | Reached skill level 7 in Conjurations
 10939 | D:8      | Found a staircase to the Lair.
 11103 | D:8      | Identified the +2 kite shield "Adaeplo" {Will+}
 11386 | D:8      | Found a runed translucent gate.
 11387 | D:8      | Found a runed translucent gate.
 11387 | D:8      | Found a runed translucent gate.
 11388 | D:8      | Noticed a brown ugly thing
 11388 | D:8      | Noticed a purple ugly thing
 11389 | D:8      | Noticed a cyan ugly thing
 11389 | D:8      | Noticed a red ugly thing
 11389 | D:8      | Noticed a brown ugly thing
 11391 | D:8      | Noticed a glowing orange brain
 11488 | D:9      | Noticed Harold
 11542 | D:9      | Reached XP level 10. HP: 64/64 MP: 12/18
 11544 | D:9      | Reached skill level 1 in Shields
 11916 | D:9      | Identified the +5 battleaxe of the Mosquito {speed, rCorr}
 11935 | D:9      | Noticed a centaur warrior
 12253 | D:9      | Noticed a centaur warrior
 12884 | D:9      | Noticed a cyan ugly thing
 13291 | D:9      | Shot with an arrow by a centaur warrior

Illustrated notes

Levels and vault maps discovered:
D:1:      dpeg_arrival_round_b, layout_basic, minmay_surrounded
D:2:      layout_loops_cross, basic_altar, ebering_ecumenical_altar_box,
          uniq_sigmund
D:3:      cheibrodos_helix_gallery, layout_basic
D:4:      layout_gridville, portal_sewer_entry_b
D:5:      layout_cave_pods, minmay_temple_entry_stoned_glass, uniq_duvessa
D:6:      layout_gridville, kennysheep_okawaru_gauntlet,
          nicolae_ossuary_entry_monument, nrook_mini_vaults
D:7:      layout_cave_pods
D:8:      layout_basic, grunt_lair_entry_orc_guard_hut, serial_curves,
          eino_curves_02, eino_curves_02,
          ploomutoo_gammafunk_ghost_potion_laboratory, jiyva_altar_1
D:9:      minmay_bloctagon, layout_small_grid, uniq_gastronok, uniq_harold
Temple:   regret_index_temple_sigil_plot

Skill      XL: |  1  2  3  4  5  6  7  8  9 10 |
---------------+-------------------------------+-----
Stealth        | 3 4 5 6 |  6.9
Fighting       | 1 2 3 4 |  4.5
Staves         | 1 2 3 4 |  4.3
Spellcasting   | 3 4 5 6 |  6.2
Conjurations   | 5 6 7 |  7.6
Dodging        | 3 4 |  4.7
Earth Magic    | 1 3 4 |  4.7
Invocations    | 1 2 3 |  3.8
Translocations | 2 3 |  3.2
Shields        | 1 |  1.4

Action                   |  1- 3 |  4- 6 |  7- 9 | 10-12 || total
-------------------------+-------+-------+-------+-------++-------
Melee: Unarmed           |     3 |       |       |       ||     3
       Constrict         |     6 |     3 |     2 |       ||    11
       Staff             |    17 |    11 |     3 |       ||    31
       Tentacles         |     3 |       |       |       ||     3
Throw: Throwing net      |       |       |     4 |       ||     4
 Cast: Magic Dart        |    37 |    56 |   138 |    20 ||   251
       Searing Ray       |    12 |    13 |    24 |     1 ||    50
       Apportation       |       |     4 |    20 |     8 ||    32
       Stone Arrow       |       |       |    77 |    17 ||    94
  Use: Scroll            |     6 |     1 |     4 |     3 ||    14
       Potion            |       |       |     5 |       ||     5
 Stab: Sleeping          |     1 |       |       |       ||     1
Armor: Skin              |     1 |     1 |     1 |       ||     3
Dodge: Dodged            |    16 |     9 |    17 |     5 ||    47
